 Dungeon Crawl Stone Soup version 0.21.1-1-g345015fe64 (webtiles) character file.

11694 LevaFresel the Carver (level 11, -2/99 HPs)
             Began as a Minotaur Berserker on June 8, 2018.
             Was a High Priest of Trog.
             Slain by an eight-headed hydra (5 damage)
             ... on level 1 of the Lair of Beasts.
             The game lasted 00:44:14 (9775 turns).

LevaFresel the Carver (Minotaur Berserker)          Turns: 9775, Time: 00:44:15

Health: -2/99      AC: 15    Str: 24    XL:     11   Next: 52%
Magic:  13/13      EV:  2    Int:  4    God:    Trog [*****.]
Gold:   532        SH:  0    Dex: 11    Spells: 10/10 levels left

rFire    . . .     SeeInvis +   a - +1 long sword (elec)
rCold    . . .     Gourm    .   (no shield)
rNeg     + + +     Faith    .   H - +0 plate armour
rPois    ∞         Spirit   .   (helmet restricted)
rElec    .         Reflect  .   (no cloak)
rCorr    .         Harm     .   (no gloves)
MR       .....                  E - +0 pair of boots
Stlth    ..........             (no amulet)
HPRegen  0.26/turn              q - ring of see invisible
MPRegen  0.13/turn              A - ring of positive energy

@: lethally poisoned (-2 -> -2), petrified, marked
A: retaliatory headbutt, horns 2
a: Berserk, Trog's Hand, Brothers in Arms, Burn Spellbooks, Renounce Religion


You were on level 1 of the Lair of Beasts.
You worshipped Trog.
Trog was extremely pleased with you.
You were hungry.

You visited 3 branches of the dungeon, and saw 12 of its levels.

You collected 532 gold pieces.

Inventory:

Hand Weapons
 a - a +1 long sword of electrocution (weapon)
 b - a +2 hand axe of flaming
Armour
 E - a +0 pair of boots (worn)
 H - a +0 plate armour (worn)
Jewellery
 q - a ring of see invisible (left hand)
 A - a ring of positive energy (right hand)
Wands
 r - a wand of disintegration (23)
 D - a wand of random effects (33)
 F - a wand of enslavement (10)
Scrolls
 d - 2 scrolls of magic mapping
 e - 2 scrolls of identify
 f - a scroll of immolation {unknown}
 l - 2 scrolls of noise {unknown}
 n - 2 scrolls of random uselessness {unknown}
 o - a scroll of enchant armour
 p - a scroll of enchant weapon {unknown}
 s - 4 scrolls of teleportation
 w - 6 scrolls of remove curse
 x - a scroll of blinking {unknown}
 B - a scroll of fear {unknown}
Potions
 g - 2 potions of magic {unknown}
 h - a potion of lignification {unknown}
 i - 4 potions of heal wounds {unknown}
 j - 2 potions of curing
 k - 2 potions of agility
 t - 2 potions of might
 u - 2 potions of flight {unknown}
 v - a potion of resistance {unknown}
 y - 4 potions of mutation {unknown}
 z - a potion of berserk rage {unknown}
 C - a potion of invisibility {unknown}
Comestibles
 c - 16 rations


   Skills:
 + Level 9.8 Fighting
 * Level 11.3 Long Blades
 + Level 8.7 Axes
 + Level 9.5 Armour
 + Level 8.6 Dodging
 - Level 5.0 Evocations


You had 10 spell levels left.
You didn't know any spells.

Dungeon Overview and Level Annotations

Branches:
Dungeon (10/15)            Temple (1/1) D:6            Lair (1/6) D:8
    Orc: D:9-12

Altars:
Ashenzari
Cheibriados
Dithmenos
Elyvilon
Fedhas
Gozag
Hepliaklqana
Kikubaaqudgha
Makhleb
Nemelex Xobeh
Okawaru
Qazlal
Ru
Sif Muna
Uskayaw
Vehumet
Wu Jian
Xom
Yredelemnul
Zin
The Shining One

Annotations:
Lair:1 Chudej's ghost, journeyman DECj


Innate Abilities, Weirdness & Mutations

You reflexively headbutt those who attack you in melee.
You have a pair of horns on your head.


Message History

The spiny frog stings you.
* * * LOW HITPOINT WARNING * * *
The eight-headed hydra bites you!
* * * LOW HITPOINT WARNING * * *
The eight-headed hydra bites you but does no damage. x2
The eight-headed hydra bites you.
* * * LOW HITPOINT WARNING * * *
The eight-headed hydra bites you but does no damage.
The eight-headed hydra bites you!
* * * LOW HITPOINT WARNING * * *
The eight-headed hydra bites you but does no damage.
The eight-headed hydra barely misses you.
The basilisk gazes at you. You resist with some effort.
The hippogriff bites you but does no damage.
The hippogriff pecks you but does no damage.
The hippogriff claws you but does no damage.
The spiny frog stings you but does no damage.
The eight-headed hydra bites you!
You die...

..FY..F.S................
...Y$.rY...Y.............
######S########.########
#r# ### # ##Y# ## #lY##
#### ##. ##YY# #.P# ##..
#FD## #(# #..# ##@P# #.#
##.# ...#lH#####.# ##.#
#....<..†.######..#
.....................
8...#.#..............
....+.....####.......
#..#.###...# #..###..
....# #...# #...##..
#...# #...###.


You could see an eight-headed hydra, a komodo dragon, a hippogriff, a black
mamba, 5 yaks, a spiny frog, a basilisk and 2 porcupines.

Vanquished Creatures
  A hydra (D:8)
  A two-headed ogre (D:9)
  The ghost of Faustar the Slasher, a novice FoAK of Lugonu (D:4)
  Joseph (D:8)
  A spiny frog (Lair:1)
  A troll (D:9)
  2 dream sheep (D:8)
  A hippogriff (D:7)
  Eustachio (D:4)
  A wyvern (D:6)
  The ghost of Lentor the Slasher, an amateur DrBe of Trog (D:3)
  A steam dragon (D:9)
  A basilisk (D:8)
  11 yaks
  3 hungry ghosts
  Menkaure (D:5)
  2 soldier ants
  3 water moccasins
  An orc warrior (D:9)
  2 black bears (D:7)
  A porcupine (D:8)
  4 sky beasts
  An ice beast (D:9)
  A necrophage (D:7)
  3 phantoms (D:7)
  3 centaurs
  2 ogres (D:6)
  5 crocodiles
  4 big kobolds
  8 bullfrogs
  5 scorpions
  A water moccasin skeleton (D:5)
  13 wights
  3 howler monkeys
  3 jellies
  3 bullfrog zombies
  4 crimson imps
  Crazy Yiuf (D:2)
  A bullfrog skeleton (D:9)
  A centaur skeleton (D:8)
  11 hounds
  An orc priest (D:9)
  Jessica (D:2)
  An iguana (D:5)
  4 orc wizards
  11 worker ants
  A killer bee zombie (D:5)
  2 hound skeletons
  Robin (D:2)
  5 worker ant zombies
  5 gnolls
  9 adders
  2 shadow imps (D:7)
  3 oozes
  An adder zombie (D:9)
  2 adder skeletons
  A worm (D:5)
  2 dart slugs (D:2)
  9 leopard geckos
  25 orcs
  12 giant cockroaches
  11 goblins
  7 hobgoblins
  10 jackals
  A quokka (D:6)
  2 ball pythons
  14 bats
  7 frilled lizards
  A jackal skeleton (D:6)
  13 kobolds
  6 rats
285 creatures vanquished.

Vanquished Creatures (others)
  2 fungi (D:8)
  6 plants (D:8)
8 creatures vanquished.

Grand Total: 293 creatures vanquished

Notes
Turn   | Place    | Note
-------+----------+-------------------------------------------
     0 | D:1      | LevaFresel the Minotaur Berserker began the quest for the Orb.
     0 | D:1      | Reached XP level 1. HP: 19/19 MP: 0/0
    60 | D:1      | Reached XP level 2. HP: 25/27 MP: 1/1
    84 | D:1      | Reached XP level 3. HP: 15/33 MP: 2/2
   708 | D:1      | Reached ** piety under Trog
   922 | D:2      | Found a runed door.
   926 | D:2      | Noticed Crazy Yiuf
   931 | D:2      | Killed Crazy Yiuf
   931 | D:2      | Reached XP level 4. HP: 26/40 MP: 3/3
  1319 | D:2      | Noticed Robin
  1333 | D:2      | Reached skill level 5 in Axes
  1343 | D:2      | Killed Robin
  1445 | D:2      | Noticed Jessica
  1454 | D:2      | Reached XP level 5. HP: 40/47 MP: 4/4
  1455 | D:2      | Killed Jessica
  1608 | D:2      | Found a sparkling altar of Nemelex Xobeh.
  2165 | D:3      | Reached *** piety under Trog
  2267 | D:3      | Reached XP level 6. HP: 55/55 MP: 5/5
  2318 | D:3      | Found a basalt altar of Yredelemnul.
  2384 | D:3      | Noticed Lentor's ghost (amateur DrBe)
  2395 | D:3      | Killed Lentor's ghost
  2395 | D:3      | Reached skill level 5 in Fighting
  2645 | D:5      | Entered Level 5 of the Dungeon
  2776 | D:4      | Reached XP level 7. HP: 54/61 MP: 6/6
  2967 | D:4      | Noticed Faustar's ghost (novice FoAK)
  3127 | D:5      | Reached skill level 1 in Evocations
  3416 | D:5      | Reached skill level 5 in Armour
  3568 | D:5      | Reached skill level 1 in Long Blades
  3881 | D:5      | Reached skill level 2 in Long Blades
  3881 | D:5      | Reached XP level 8. HP: 52/70 MP: 8/8
  3966 | D:5      | Noticed Menkaure
  3972 | D:5      | Killed Menkaure
  3972 | D:5      | Reached skill level 3 in Long Blades
  3972 | D:5      | Reached skill level 5 in Dodging
  4427 | D:5      | Reached skill level 4 in Long Blades
  4435 | D:5      | Found a hazy altar of Hepliaklqana.
  4591 | D:5      | Found a radiant altar of Vehumet.
  4658 | D:4      | Killed Faustar's ghost
  4658 | D:4      | Reached skill level 5 in Long Blades
  4674 | D:4      | Reached **** piety under Trog
  4769 | D:4      | Noticed Eustachio
  4787 | D:4      | Killed Eustachio
  4787 | D:4      | Reached XP level 9. HP: 72/79 MP: 10/10
  5011 | D:6      | Found a staircase to the Ecumenical Temple.
  5050 | Temple   | Entered the Ecumenical Temple
  5226 | D:6      | Reached skill level 6 in Long Blades
  5265 | D:6      | Found an iron altar of Okawaru.
  5632 | D:6      | Reached skill level 7 in Long Blades
  6248 | D:7      | Reached skill level 8 in Long Blades
  6258 | D:7      | Reached XP level 10. HP: 84/88 MP: 12/12
  6661 | D:8      | Noticed a three-headed hydra
  6670 | D:8      | HP: 6/135 [three-headed hydra (5)]
  6673 | D:8      | HP: 2/135 [one-headed hydra (3)]
  6674 | D:8      | Killed a one-headed hydra
  6674 | D:8      | Reached skill level 9 in Long Blades
  6676 | D:8      | Reached skill level 5 in Evocations
  7257 | D:8      | Reached ***** piety under Trog
  7274 | D:8      | Reached skill level 10 in Long Blades
  7281 | D:8      | Found a staircase to the Lair.
  7356 | D:8      | Noticed Joseph
  7372 | D:8      | Killed Joseph
  7960 | D:9      | Reached XP level 11. HP: 96/97 MP: 13/13
  8279 | D:9      | Received a gift from Trog
  8812 | D:9      | Noticed a two-headed ogre
  8817 | D:9      | Killed a two-headed ogre
  9144 | D:10     | Entered Level 10 of the Dungeon
  9149 | D:10     | Reached skill level 11 in Long Blades
  9298 | D:10     | Noticed an unseen horror
  9385 | D:10     | Paralysed by fainting for 5 turns
  9415 | D:10     | Paralysed by fainting for 12 turns
  9651 | Lair:1   | Entered Level 1 of the Lair of Beasts
  9731 | Lair:1   | Noticed Chudej's ghost (journeyman DECj)
  9767 | Lair:1   | Noticed an eight-headed hydra
  9774 | Lair:1   | HP: 3/99 [eight-headed hydra (5)]
  9775 | Lair:1   | Slain by an eight-headed hydra

Skill      XL: |  1  2  3  4  5  6  7  8  9 10 11 |
---------------+----------------------------------+-----
Axes           | 4 5 6 7 8 |  8.7
Fighting       | 4 5 6 7 8 9 |  9.8
Armour         | 3 4 5 6 7 8 9 |  9.5
Dodging        | 3 4 5 6 7 8 |  8.6
Evocations     | 1 3 4 5 |  5.0
Long Blades    | 2 5 8 10 11 | 11.3

Action                   |  1- 3 |  4- 6 |  7- 9 | 10-12 || total
-------------------------+-------+-------+-------+-------++-------
Melee: Hand axe          |    64 |   113 |    54 |     8 ||   239
       Headbutt          |    11 |    20 |    49 |    66 ||   146
       Long sword        |       |       |   198 |   281 ||   479
Invok: Trog's Hand       |       |     2 |     3 |     2 ||     7
       Berserk           |       |     1 |     2 |     1 ||     4
Evoke: Wand              |       |       |     3 |     2 ||     5
  Use: Scroll            |       |       |     6 |     7 ||    13
  Eat: Chunk             |       |     3 |    12 |     6 ||    21
       Ration            |       |     1 |     1 |     3 ||     5
Armor: Animal skin       |    11 |    11 |       |       ||    22
       Ring mail         |       |    17 |    12 |       ||    29
       Scale mail        |       |       |    75 |    65 ||   140
       Plate armour      |       |       |       |    46 ||    46
Dodge: Dodged            |    42 |    89 |   187 |   181 ||   499
       Rpst.: Long sword |       |       |    36 |    51 ||    87
